 Dungeon Crawl Stone Soup version 0.31-a0-435-g2c6fae2916 (webtiles) character file.

Game seed: 5028502514140757617

1077 drugrobin the Cleaver (level 7, 0/61 HPs)
             Began as a Demigod Delver on Aug 1, 2023.
             Succumbed to a water moccasin's poison
             ... on level 5 of the Dungeon.
             The game lasted 00:13:31 (5455 turns).

drugrobin the Cleaver (Demigod Delver)              Turns: 5455, Time: 00:13:31

Health: 0/61       AC: 11    Str: 21    XL:     7   Next: 80%
Magic:  9/9        EV:  6    Int: 12    God:
Gold:   204        SH:  0    Dex: 21    Spells: 6/6 levels left

rFire   . . .        a - +2 short sword (venom)
rCold   . . .        (no shield)
rNeg    + . .        r - +0 plate armour
rPois   +            (no helmet)
rElec   .            (no cloak)
rCorr   .            m - +0 pair of gloves
SInv    .            (no boots)
Will    .....        (no amulet) Stlth
                     l - ring of positive energy
HPRegen 0.30/turn    o - +6 ring of dexterity
MPRegen 0.11/turn

%: no passive effects
@: brilliant, lethally poisoned (0 -> -10)
A: high MP 1, forlorn, divine attributes, poison resistance, robust 1
a: no special abilities


You were on level 5 of the Dungeon.
You visited 1 branch of the dungeon, and saw 5 of its levels.

You collected 204 gold pieces.

Inventory:

Hand Weapons
 a - a +2 short sword of venom (weapon)
 b - a +0 shortbow
 d - a +2 dagger of draining
 t - a +0 hand axe
Missiles
 h - 2 darts of dispersal
 x - 5 poisoned darts
Armour
 j - a +0 leather armour
 m - a +0 pair of gloves (worn)
 r - a +0 plate armour (worn)
 y - a +0 ring mail
Jewellery
 l - a ring of positive energy (left hand)
 o - a +6 ring of dexterity (right hand)
Wands
 g - a wand of digging (2)
Scrolls
 c - a scroll of fog
 e - 3 scrolls of identify {unknown}
 n - a scroll of noise {unknown}
 s - a scroll of vulnerability {unknown}
 u - 2 scrolls of enchant armour {unknown}
 v - a scroll of amnesia {unknown}
 z - a scroll of teleportation {unknown}
Potions
 f - a potion of haste
 i - 2 potions of curing {unknown}
 k - 2 potions of brilliance
 p - a potion of might {unknown}
 q - 3 potions of mutation
 w - a potion of attraction {unknown}
 A - a potion of heal wounds {unknown}


   Skills:
 - Level 2.6 Fighting
 + Level 8.9 Axes
 - Level 1.7 Dodging
 - Level 4.5 Stealth


You had 6 spell levels left.
You didn't know any spells.
Your spell library contained the following spells:

 Spells                   Type           Power      Damage    Failure   Level
 Ensorcelled Hibernation  Hex/Ice        0%         N/A       100%        2
 Passwall                 Tmut/Erth      0%         N/A       100%        2
 Static Discharge         Conj/Air       0%         2-2/arc   100%        2
 Sublimation of Blood     Necr           0%         N/A       100%        2
 Swiftness                Air            0%         N/A       100%        3
 Airstrike                Air            0%         2d(0-16)  100%        4
 Petrify                  Tmut/Erth      0%         N/A       100%        4
 Summon Lightning Spire   Summ/Air       0%         N/A       100%        4
 Irradiate                Conj/Tmut      0%         3d11      100%        5


Dungeon Overview and Level Annotations

Branches:
Dungeon (5/15)
 Temple: D:4-7

Annotations:
D:5 exclusion: sleepcap


Innate Abilities, Weirdness & Mutations

You have an increased reservoir of magic. (+10% MP)
You shall have no god before yourself.
Your divine heritage dramatically boosts your attributes as you level up.
Your system is resistant to poisons. (rPois)
You are robust. (+10% HP)


Message History

You feel very sick.
The water moccasin bites you but does no damage.
You hit the water moccasin.
The water moccasin is almost dead.
You feel sick. The water moccasin bites you. x2
You are lethally poisoned!
The water moccasin poisons you!
You hit the water moccasin.
The water moccasin is almost dead.
* * * LOW HITPOINT WARNING * * *
You feel very sick.
The water moccasin bites you but does no damage.
Unknown command.
Unknown command.
Throw: 4 darts (disperse)
Press: ? - help, Shift-Dir - straight line, f - water moccasin
Aim: a water moccasin (almost dead, 42% to hit)
You throw a dart of dispersal.
The dart of dispersal barely misses the water moccasin.
* * * LOW HITPOINT WARNING * * *
You feel very sick.
The water moccasin bites you but does no damage.
Throw: 3 darts (disperse)
Press: ? - help, Shift-Dir - straight line, f/p - water moccasin
Aim: a water moccasin (almost dead, 42% to hit)
You throw a dart of dispersal.
The dart of dispersal hits the water moccasin.
The water moccasin blinks!
The water moccasin is almost dead.
* * * LOW HITPOINT WARNING * * *
You feel very sick.
The water moccasin bites you but does no damage.
It was a potion of mutation.
You feel extremely strange.
You feel robust.
You feel resistant to poisons.
* * * LOW HITPOINT WARNING * * *
You feel very sick. The water moccasin barely misses you.
It was a potion of brilliance.
You feel clever all of a sudden.
You die...

.#.####.#
........#
##.###### #.#
#.#############
#.............#
##..##########.#
....## ###.#####
.....#
#...ยง@S.#
.....# #.#.###.#
.....# #.#.#**,#
##...# #,#..#*,*
#.### *,##.#*,*
*#+#* *,**.#*,*
*,,,** *,**.#*,*
,,,,,**
*,,,..,,*
,,,,,,**
**,**.#****


You could see a water moccasin.

Vanquished Creatures
  2 yaks
  2 ice beasts
  An ogre (D:5)
  2 scorpions
  A howler monkey (D:4)
  A hound (D:4)
  An orc priest (D:5)
  An iguana (D:5)
  3 orc wizards
  7 gnolls
  4 adders
  An ufetubus (D:3)
  A worm (D:3)
  2 dart slugs
  15 orcs
  3 ball pythons
  4 bats
  10 endoplasms
  A giant cockroach (D:2)
  6 goblins
  4 hobgoblins
  4 jackals (D:2)
  5 kobolds
  A quokka (D:4)
  A frilled lizard (D:1)
  4 rats
87 creatures vanquished.

Notes
Turn   | Place    | Note
-------+----------+-------------------------------------------
     0 | D:5      | drugrobin the Demigod Delver began the quest for the Orb.
     0 | D:5      | Reached XP level 1. HP: 18/18 MP: 3/3
    62 | D:5      | Reached skill level 2 in Axes
    94 | D:5      | Noticed a sleepcap
   195 | D:5      | Noticed a water moccasin
   286 | D:5      | Noticed an ogre
   295 | D:5      | Noticed an orc priest
   296 | D:5      | Noticed a scorpion
   472 | D:3      | Reached XP level 2. HP: 25/25 MP: 4/4
   535 | D:3      | Reached skill level 3 in Axes
   866 | D:3      | Reached XP level 3. HP: 24/30 MP: 5/5
  2217 | D:2      | Reached skill level 4 in Axes
  2305 | D:2      | Reached XP level 4. HP: 32/37 MP: 6/6
  2371 | D:2      | HP: 1/37 [gnoll/+0 club (6)]
  3150 | D:4      | Reached skill level 5 in Axes
  3150 | D:4      | Reached XP level 5. HP: 31/42 MP: 7/7
  3206 | D:4      | Noticed an ice beast
  3544 | D:4      | Reached skill level 6 in Axes
  3544 | D:4      | Reached XP level 6. HP: 44/50 MP: 8/8
  4097 | D:5      | Noticed a yak
  4098 | D:5      | Noticed a yak
  4145 | D:5      | Noticed a yak
  4145 | D:5      | Noticed a yak
  4394 | D:5      | Reached skill level 7 in Axes
  4734 | D:5      | Reached XP level 7. HP: 56/56 MP: 9/9
  4797 | D:5      | Killed a yak
  4883 | D:5      | Noticed a yak
  4921 | D:4      | HP: 2/56 [yak (12)]
  5116 | D:4      | Killed a yak
  5117 | D:4      | Reached skill level 8 in Axes
  5454 | D:5      | Gained mutation: You are robust. (+10% HP) [potion of
                  | mutation]
  5454 | D:5      | Gained mutation: Your system is resistant to poisons.
                  | (rPois) [potion of mutation]
  5454 | D:5      | HP: 2/61 [poisoned by a water moccasin]
  5455 | D:5      | Succumbed to a water moccasin's poison

Illustrated notes

Levels and vault maps discovered:
D:1:      kilobyte_arrival_exit_the_forest, layout_basic,
          shapermc_ecumenical_altar_flowoftime
D:2:      layout_basic, nicolae_concentric_dashed_squares_wild
D:3:      layout_loops_ring, minmay_box_of_dots
D:4:      layout_loops_ring, okawaru_ov_weapons_minmay
D:5:      layout_loops_corners

Skill      XL: |  1  2  3  4  5  6  7 |
---------------+----------------------+-----
Axes           | 2 3 4 5 6 7 8 |  8.9
Fighting       | |  2.6
Dodging        | |  1.7
Stealth        | |  4.5

Action                     |  1- 3 |  4- 6 |  7- 9 || total
---------------------------+-------+-------+-------++-------
  Melee: Hand axe          |    51 |       |       ||    51
         Punch             |     1 |     2 |     2 ||     5
         Short sword       |    19 |   120 |    45 ||   184
         Dagger            |       |       |     7 ||     7
   Fire: Shortbow          |    55 |    38 |    11 ||   104
  Throw: Dart              |       |     3 |     3 ||     6
  Evoke: Wand              |     1 |       |       ||     1
    Use: Scroll            |     2 |       |       ||     2
         Potion            |       |       |     2 ||     2
   Stab: Sleeping          |     2 |       |       ||     2
 Armour: Leather armour    |    13 |       |       ||    13
         Ring mail         |    15 |       |       ||    15
         Plate armour      |    12 |   105 |    28 ||   145
  Dodge: Dodged            |    40 |    33 |    14 ||    87

Table legend: (Time is in decaauts)
 A = Elapsed time spent in this place.
 B = Non-inter-level travel time spent in this place.
 C = Inter-level travel time spent in this place.
 D = Time resting spent in this place.
 E = Time spent auto-exploring this place.
 F = Levels seen in this place.
 G = Mean time per level.
                   A        B        C        D        E       F      G
               +--------+--------+--------+--------+--------+-----+--------+
         Total |   5528 |   5326 |    202 |    543 |   2863 |   5 | 1105.6 |
       Dungeon |   5528 |   5326 |    202 |    543 |   2863 |   5 | 1105.6 |
               +--------+--------+--------+--------+--------+-----+--------+

Top non-repeatable levels by time:
     D:5: 1373 daAuts
     D:1: 1152 daAuts
     D:4: 1136 daAuts
     D:3: 1125 daAuts
     D:2: 740 daAuts
